 Dungeon Crawl Stone Soup version 0.28-a0-563-gf77a47075d (webtiles) character file.

Game seed: 1780511222379296071

4 friend the Chucker (level 1, 0/23 HPs)
             Began as an Ogre Hunter on Sept 30, 2021.
             Slain by a jackal (2 damage)
             ... on level 1 of the Dungeon.
             The game lasted 00:00:15 (137 turns).

friend the Chucker (Ogre Hunter)                     Turns: 137, Time: 00:00:15

Health: 0/23       AC:  3    Str: 15    XL:     1   Next: 70%
Magic:  1/1        EV:  9    Int: 12    God:
Gold:   0          SH:  0    Dex:  9    Spells: 0/0 levels left

rFire   . . .      SeeInvis .   a - +0 short sword
rCold   . . .      Faith    .   (no shield)
rNeg    . . .      Spirit   .   b - +0 robe
rPois   .          Reflect  .   (helmet restricted)
rElec   .          Harm     .   (no cloak)
rCorr   .          Rampage  .   (gloves unavailable)
Will    .....                   (boots unavailable)
Stlth   +.........              (no amulet)
HPRegen 0.07/turn               (no ring)
MPRegen 0.07/turn               (no ring)

@: no status effects
A: large, unfitting armour, tough skin 1
a: no special abilities


You were on level 1 of the Dungeon.
You visited 1 branch of the dungeon, and saw 1 of its levels.

Inventory:

Hand Weapons
 a - a +0 short sword (weapon)
Missiles
 c - 5 large rocks (quivered)
 d - 2 throwing nets
Armour
 b - a +0 robe (worn)


   Skills:
 + Level 3.3 Fighting
 - Level 4.0 Throwing
 - Level 1.7 Dodging
 - Level 0.6 Stealth


You couldn't memorise any spells.
You didn't know any spells.
Your spell library was empty.

Dungeon Overview and Level Annotations

Branches:
Dungeon (1/15)

Altars:


Innate Abilities, Weirdness & Mutations

You are too large for most types of armour.
You have tough skin. (AC +1)


Message History

You barely miss the jackal.
The jackal bites you but does no damage.
You hit the jackal but do no damage. The jackal closely misses you.
The jackal barely misses you.
You hit the jackal but do no damage. The jackal misses you.
You closely miss the jackal. The jackal bites you. x2
You take 2 damage, and have 10/23 hp.
You barely miss the jackal.
The jackal bites you but does no damage.
You barely miss the jackal. The jackal bites you. x2
You take 2 damage, and have 8/23 hp.
You closely miss the jackal.
The jackal bites you but does no damage.
You barely miss the jackal. The jackal misses you.
The jackal bites you but does no damage.
You hit the jackal. The jackal barely misses you.
You hit the jackal. The jackal misses you. The jackal bites you.
* * * LOW HITPOINT WARNING * * *
You take 3 damage, and have 6/23 hp.
You hit the jackal. The jackal bites you.
* * * LOW HITPOINT WARNING * * *
You take 1 damage, and have 5/23 hp.
You closely miss the jackal. The jackal barely misses you.
The jackal bites you.
* * * LOW HITPOINT WARNING * * *
You take 1 damage, and have 4/23 hp.
You barely miss the jackal.
The jackal bites you but does no damage.
You hit the jackal. The jackal barely misses you.
The jackal bites you but does no damage.
You hit the jackal.
You kill the jackal!
You miss the jackal. The jackal bites you.
* * * LOW HITPOINT WARNING * * *
The jackal bites you but does no damage.
You take 2 damage, and have 2/23 hp.
You hit the jackal.
The jackal bites you but does no damage.
The jackal bites you.
You die...

#..........#
#.##...[...#
#.##∩.###.∩#
#.##### ####
#.# #.# #.#
#.############
#..@hg........
#######.....>.
.......
.h.....
h......
.......
.......
.......


You could see a jackal and a goblin.

Vanquished Creatures
  3 jackals (D:1)
  A frilled lizard (D:1)
4 creatures vanquished.

Notes
Turn   | Place    | Note
-------+----------+-------------------------------------------
     0 | D:1      | friend the Ogre Hunter began the quest for the Orb.
     0 | D:1      | Reached XP level 1. HP: 22/22 MP: 1/1
   137 | D:1      | Slain by a jackal

Illustrated notes

Levels and vault maps discovered:
D:1:      amcnicky_arrival_abandoned_market, layout_rooms

Skill      XL: |  1 |
---------------+----+-----
Fighting       | 3 |  3.3
Throwing       | |  4.0
Dodging        | |  1.7
Stealth        | |  0.6

Action                   || total
-------------------------++-------
Melee: Short sword       ||    41
Armor: Robe              ||    17
Dodge: Dodged            ||    20

Table legend: (Time is in decaauts)
 A = Elapsed time spent in this place.
 B = Non-inter-level travel time spent in this place.
 C = Inter-level travel time spent in this place.
 D = Time resting spent in this place.
 E = Time spent auto-exploring this place.
 F = Levels seen in this place.
 G = Mean time per level.
                   A        B        C        D        E       F      G
               +--------+--------+--------+--------+--------+-----+--------+
         Total |    141 |    141 |      0 |      0 |     89 |   1 |  141.0 |
       Dungeon |    141 |    141 |      0 |      0 |     89 |   1 |  141.0 |
               +--------+--------+--------+--------+--------+-----+--------+

Top non-repeatable levels by time:
     D:1: 141 daAuts
